 Dungeon Crawl Stone Soup version 0.18.1-50-g88ac8fd (webtiles) character file.

30 ringo67 the Charmwright (level 3, -2/24 HPs)
             Began as a High Elf Skald on Oct 13, 2016.
             Slain by a worm (11 damage)
             ... on level 2 of the Dungeon.
             The game lasted 00:16:59 (2062 turns).

ringo67 the Charmwright (High Elf Skald)            Turns: 2062, Time: 00:17:00

Health: -2/24      AC:  3    Str: 12    XL:     3   Next: 3%
Magic:  4/7        EV: 11    Int: 16    God:
Gold:   80         SH:  0    Dex: 14    Spells: 3 memorised, 1 level left

rFire  . . .     SeeInvis .     a - +0 falchion
rCold  . . .     Gourm    .     b - +0 leather armour
rNeg   . . .     Faith    .     (no shield)
rPois  .         Spirit   .     (no helmet)
rElec  .         Dismiss  .     (no cloak)
rCorr  .         Reflect  .     (no gloves)
SustAt .         Harm     .     (no boots)
MR     .....                    (no amulet)
Stlth  +.........               (no ring)
                                (no ring)

@: infused, not resistant to hostile enchantments, very unstealthy
A: no striking features
a: no special abilities


You were on level 2 of the Dungeon.
You were not hungry.

You visited 1 branch of the dungeon, and saw 2 of its levels.

You collected 80 gold pieces.

Inventory:

Hand Weapons
 a - a +0 falchion (weapon)
 h - a +0 club
 l - a +0 club
 m - a +0 hand axe
 p - a +0 hunting sling
Armour
 b - a +0 leather armour (worn)
 o - a +0 robe
 t - a +0 chain mail
Scrolls
 g - a scroll of fog {unknown}
 j - 2 scrolls of enchant armour {unknown}
 n - a scroll of identify {unknown}
 q - a scroll of fear {unknown}
Potions
 e - a potion of might {unknown}
 f - a potion of agility {unknown}
 i - a potion of heal wounds {unknown}
Books
 c - a book of Battle

   Spells                             Type                      Level
   a - Infusion                       Charms                       1
   b - Shroud of Golubria             Charms/Translocation         2
   c - Song of Slaying                Charms                       2
   d - Spectral Weapon                Hexes/Charms                 3
   e - Regeneration                   Charms/Necromancy            3
Comestibles
 d - a bread ration
 k - 2 chunks of flesh
 r - a slice of pizza
 s - a meat ration


   Skills:
 + Level 2.2 Fighting
 + Level 2.8 Long Blades
 + Level 1.2 Armour
 + Level 1.5 Dodging
 + Level 2.5 Spellcasting
 + Level 4.1 Charms


You had one spell level left.
You knew the following spells:

 Your Spells              Type           Power        Failure   Level  Hunger
a - Infusion              Chrm           ###.         6%          1    #......
b - Shroud of Golubria    Chrm/Tloc      #.........   17%         2    ##.....
c - Regeneration          Chrm/Necr      #.........   34%         3    ###....


Dungeon Overview and Level Annotations

Branches:
Dungeon (2/15)

Altars:


Message History

You slash the worm!
The worm is heavily wounded.
The worm bites you.
You slash the worm!
The worm is almost dead.
You barely miss the worm.
The worm is almost dead.
The worm bites you!
You completely miss the worm.
The worm is almost dead.
The worm bites you.
You barely miss the worm.
The worm is almost dead.
Your leather armour prevents you from hitting the worm.
The worm is almost dead.
The worm bites you but does no damage.
You hit the worm.
The worm is almost dead.
The worm bites you!
You die...

######
.....### .....
#..# #..# #.#
#..# #.# ##.@#
#.# # #..w#
#.# ## #
#..#..# #.#
##. ....###.#
#.# #.#
###..#..###.#
#.
..!.....†...#
##
..#...#.###.#
# #....#.#
#.############
##...#.#
#.....>.......


You could see a worm.

Vanquished Creatures
  A worm (D:2)
  A dart slug (D:1)
  3 bats
  3 goblins
  2 hobgoblins
  3 jackals (D:1)
  A quokka (D:2)
  2 ball pythons (D:1)
  2 giant newts
  A kobold (D:1)
  4 rats (D:1)
23 creatures vanquished.

Notes
Turn   | Place    | Note
--------------------------------------------------------------
     0 | D:1      | ringo67 the High Elf Skald began the quest for the Orb.
     0 | D:1      | Reached XP level 1. HP: 14/14 MP: 4/4
  1008 | D:1      | Reached skill level 1 in Armour
  1010 | D:1      | Reached XP level 2. HP: 19/19 MP: 6/6
  1329 | D:1      | Reached skill level 4 in Charms
  1453 | D:1      | Learned a level 2 spell: Shroud of Golubria
  1907 | D:2      | Reached XP level 3. HP: 7/24 MP: 4/7
  1915 | D:2      | Learned a level 3 spell: Regeneration
  2062 | D:2      | Slain by a worm

Skill      XL: |  1  2 |
---------------+-------+-----
Armour         | 1 |  1.2
Charms         | 4 |  4.1
Fighting       | |  2.2
Long Blades    | |  2.8
Dodging        | |  1.5
Spellcasting   | |  2.5

Action                   || total
-------------------------++-------
Melee: Falchion          ||    89
 Cast: Infusion          ||     2
       Shroud of Golubri ||     1
       Regeneration      ||     1
  Eat: Meat ration       ||     1
Armor: Leather armour    ||    18
Dodge: Dodged            ||    48
